 Dungeon Crawl Stone Soup version 0.30-a0-365-ge7f957f1db (webtiles) character file.

Game seed: 4464262363813682597

10094 qeuew the Grappler (level 11, -5/109 HPs)
             Began as a Troll Berserker on Nov 16, 2022.
             Was a High Priest of Trog.
             Slain by a large abomination (36 damage)
             ... on level 10 of the Dungeon.
             The game lasted 00:13:52 (7860 turns).

qeuew the Grappler (Troll Berserker)                Turns: 7860, Time: 00:13:52

Health: -5/109     AC:  7    Str: 30    XL:     11   Next: 31%
Magic:  1/1        EV: 12    Int:  7    God:    Trog [*****.]
Gold:   485        SH:  0    Dex: 13    Spells: 10/10 levels left

rFire   . . .      SeeInvis .      - Unarmed
rCold   + . .      Faith    .    (no shield)
rNeg    + . .      Spirit   .    a - +0 animal skin
rPois   .          Reflect  .    y - +2 hat
rElec   .          Harm     .    (no cloak)
rCorr   +          Rampage  .    (gloves unavailable)
Will    ++++.                    (boots unavailable)
Stlth   +.........               h - amulet of regeneration
HPRegen 2.98/turn                x - ring "Lulosace" {Drain rC+ Will+ Int+4 Slay+2}
MPRegen 0.07/turn                c - ring "Waczorgh" {rN+ rCorr MP-9 Str+3}

@: strong-willed, on berserk cooldown, regenerating, slowed, very slow
A: large, unfitting armour, claws 3, regeneration 1, shaggy fur 2, tough skin 1,
strong-willed 1, screaming 1
a: Renounce Religion, Berserk, Trog's Hand, Brothers in Arms


You were on level 10 of the Dungeon.
You worshipped Trog.
Trog was extremely pleased with you.
You visited 2 branches of the dungeon, and saw 11 of its levels.
You visited the Abyss 1 time.
You also visited: Sewer.

You collected 485 gold pieces.

Inventory:

Missiles
 q - a throwing net (quivered)
Armour
 a - a +0 animal skin (worn)
 y - a +2 hat (worn)
Jewellery
 c - the ring "Waczorgh" (right claw) {rN+ rCorr MP-9 Str+3}
   (You found it on level 6 of the Dungeon)

   [ring of resist corrosion]

   Str:       It affects your strength (+3).
   rN:        It protects you from negative energy.
   MP:        It affects your magic capacity (-9).
   rCorr:     It protects you from acid and corrosion.
 e - a ring of poison resistance
 h - an amulet of regeneration (around neck)
 p - a ring of flight
 t - a ring of willpower
 x - the ring "Lulosace" (left claw) {Drain rC+ Will+ Int+4 Slay+2}
   (You found it on level 8 of the Dungeon)

   [ring of willpower]

   Int:       It affects your intelligence (+4).
   Slay:      It affects your accuracy & damage with ranged weapons and melee
   (+2).
   rC:        It protects you from cold.
   Drain:     It drains your maximum health when unequipped.
   Will:      It increases your willpower.
 C - an amulet of guardian spirit
 D - a +4 ring of protection
Wands
 n - a wand of light (13)
 r - a wand of digging (4)
 u - a wand of paralysis (7)
 v - a wand of flame (15)
Scrolls
 d - 5 scrolls of teleportation
 g - 4 scrolls of magic mapping
 i - 7 scrolls of identify
 k - 2 scrolls of enchant weapon
 l - a scroll of blinking
 m - 4 scrolls of fear
 w - 2 scrolls of enchant armour
 B - 2 scrolls of butterflies {unknown}
Potions
 b - 7 potions of curing
 f - 4 potions of might
 j - a potion of resistance
 o - 3 potions of cancellation
 s - 4 potions of haste
 z - a potion of magic
 A - a potion of mutation


   Skills:
 + Level 7.3 Fighting
 + Level 7.3 Dodging
 * Level 12.0 Unarmed Combat
 + Level 5.4 Evocations


You had 10 spell levels left.
You didn't know any spells.
Your spell library was empty.

Dungeon Overview and Level Annotations

Branches:
Dungeon (10/15)            Temple (1/1) D:4           Sewer (visited)
   Lair: D:8-11         Orc: D:9-12

Altars:
Ashenzari
Cheibriados
Dithmenos
Elyvilon
Fedhas
Gozag
Hepliaklqana
Kikubaaqudgha
Makhleb
Nemelex Xobeh
Okawaru
Qazlal
Ru
Sif Muna
Trog
Uskayaw
Vehumet
Wu Jian
Xom
Yredelemnul
Zin
The Shining One
Lugonu

Shops:
D:8 [   D:9 :[:

Portals:
Abyss: D:3

Annotations:
D:8 6 runed translucent doors


Innate Abilities, Weirdness & Mutations

You are too large for most types of armour.
You have claws for hands.
Your natural rate of healing is unusually fast.
You are covered in thick fur. (AC +2)
You have tough skin. (AC +1)
You are strong-willed. (Will+)
You occasionally shout uncontrollably at your foes.


Message History

You claw the small abomination!
The small abomination is almost destroyed.
You are too berserk!
Unknown command.
You claw the small abomination!
You destroy the small abomination!
Trog accepts your kill.
You claw the large abomination!
The large abomination is moderately damaged.
You mangle the large abomination!! You claw the large abomination.
You destroy the large abomination!
Trog accepts your kill.
Your Unarmed Combat skill increases to level 12!
You barely miss the small abomination. You scratch the small abomination.
You claw the small abomination.
The small abomination is moderately damaged.
The small abomination barely misses you.
You closely miss the small abomination. Your claw misses the small abomination.
The small abomination is moderately damaged.
You eviscerate the small abomination!!!
You destroy the small abomination!
Trog accepts your kill.
You eviscerate the large abomination!!!
The large abomination is almost destroyed.
You scratch the large abomination.
The large abomination is almost destroyed.
The large abomination hits you!!
* * * LOW HITPOINT WARNING * * *
You barely miss the large abomination.
The large abomination is almost destroyed.
You are no longer berserk.
You are exhausted.
You feel yourself slow down.
You scratch the large abomination.
The large abomination is almost destroyed.
The large abomination hits you but does no damage.
Your skin crawls.
You feel strong-willed. The large abomination hits you!!!
You die...

# # # # ###### #
#....# # +....# #
#..X.# #
#############X## #
#.....#).....@.#
#..####........#
####..####........#
.........#........#
####..######'######
# #.........# ##
##.....#### .#
####### .#


You could see 2 large abominations.

Vanquished Creatures
  A two-headed ogre (D:10)
  Erica (D:9)
  A boulder beetle (D:8)
  A wizard (D:10)
  A deep elf pyromancer (D:9)
  An unseen horror (D:10)
  3 unseen horror zombies (D:9)
  A troll (D:10)
  Grinder (D:4)
  A jumping spider (D:8)
  Sigmund (D:4)
  A shadow (D:10)
  3 yaks (D:10)
  3 large abominations (D:10)
  Eustachio (D:5)
  A wraith (D:10)
  2 vampire mosquitoes (D:10)
  2 redbacks (D:8)
  Menkaure (D:4)
  A sky beast (D:7)
  2 black bears (D:4)
  An ice beast (D:6)
  An ogre (D:6)
  A phantom (D:7)
  Blork the orc (D:6)
  5 bullfrogs
  A kobold brigand (D:9)
  2 necrophages
  A scorpion (D:5)
  A wyvern zombie (D:9)
  7 small abominations (D:10)
  11 killer bees
  2 electric eels (D:7)
  3 vampire bats (D:10)
  3 howler monkeys
  2 centaur zombies (D:9)
  4 hounds
  A gnoll bouda (D:9)
  A human zombie (D:9)
  A jelly (D:6)
  2 orc priests
  2 iguanas
  Terence (D:2)
  Natasha (twice) (D:3)
  3 orc wizards
  4 mummies (D:9)
  A howler monkey zombie (D:9)
  Robin (D:3)
  12 gnolls
  6 river rats (Sewer)
  9 adders
  2 white imps
  2 ufetubi
  2 dart slugs
  14 orcs
  14 bats
  8 endoplasms
  7 giant cockroaches
  15 goblins
  13 hobgoblins
  14 kobolds
  5 quokkas
  16 ball pythons
  6 frilled lizards
  25 rats
265 creatures vanquished.

Vanquished Creatures (others)
  14 plants
14 creatures vanquished.

Grand Total: 279 creatures vanquished

Notes
Turn   | Place    | Note
-------+----------+-------------------------------------------
     0 | D:1      | qeuew the Troll Berserker began the quest for the Orb.
     0 | D:1      | Reached XP level 1. HP: 22/22 MP: 0/0
   305 | D:1      | Reached XP level 2. HP: 29/29 MP: 1/1
   874 | D:2      | Noticed Terence
   882 | D:2      | Killed Terence
   883 | D:2      | Reached XP level 3. HP: 35/36 MP: 2/2
  1025 | D:2      | Reached skill level 4 in Unarmed Combat
  1239 | D:2      | Reached ** piety under Trog
  1270 | D:2      | Reached XP level 4. HP: 41/44 MP: 3/3
  1520 | D:3      | Noticed Robin
  1530 | D:3      | Killed Robin
  1570 | D:3      | Found a glowing drain.
  1601 | Sewer    | Entered a sewer
  1665 | Sewer    | Reached *** piety under Trog
  1672 | Sewer    | Reached XP level 5. HP: 47/53 MP: 4/4
  1829 | Sewer    | Reached skill level 5 in Unarmed Combat
  1829 | Sewer    | Reached XP level 6. HP: 54/61 MP: 5/5
  1987 | D:3      | Found a one-way gate to the infinite horrors of the Abyss.
  2015 | D:3      | Found a large runed translucent door.
  2015 | D:3      | Found a large runed translucent door.
  2016 | D:3      | Found a corrupted altar of Lugonu.
  2149 | D:3      | Reached **** piety under Trog
  2488 | D:3      | Noticed Natasha
  2493 | D:3      | Killed Natasha
  2705 | D:3      | Noticed Natasha
  2711 | D:3      | Killed Natasha
  2765 | Abyss:1  | Cast into level 1 of the Abyss (kobold)
  2810 | Abyss:1  | Noticed a tentacled starspawn
  2810 | Abyss:1  | Noticed a smoke demon
  2819 | D:3      | Escaped the Abyss
  2900 | D:4      | Noticed Sigmund
  2904 | D:4      | Killed Sigmund
  2905 | D:4      | Reached skill level 6 in Unarmed Combat
  2905 | D:4      | Reached XP level 7. HP: 66/70 MP: 6/6
  2953 | D:4      | Found a staircase to the Ecumenical Temple.
  2963 | Temple   | Entered the Ecumenical Temple
  3129 | D:4      | Noticed Menkaure
  3138 | D:4      | Killed Menkaure
  3220 | D:4      | Reached skill level 1 in Evocations
  3289 | D:4      | Found a glowing golden altar of the Shining One.
  3289 | D:4      | Found an ornate altar of the Wu Jian Council.
  3294 | D:4      | Found a white marble altar of Elyvilon.
  3297 | D:4      | Found a blossoming altar of Fedhas.
  3298 | D:4      | Found a broken altar of Ashenzari.
  3302 | D:4      | Found a stormy altar of Qazlal.
  3303 | D:4      | Found a sacrificial altar of Ru.
  3305 | D:4      | Found an opulent altar of Gozag.
  3310 | D:4      | Found a sparkling altar of Nemelex Xobeh.
  3321 | D:4      | Reached skill level 7 in Unarmed Combat
  3321 | D:4      | Reached XP level 8. HP: 74/79 MP: 7/7
  3466 | D:4      | Noticed Grinder
  3475 | D:4      | Killed Grinder
  3603 | D:4      | Gained mutation: You are strong-willed. (Will+) [potion of
                  | mutation]
  3603 | D:4      | Gained mutation: You occasionally shout uncontrollably at
                  | your foes. [potion of mutation]
  3603 | D:4      | Gained mutation: You are covered in thick fur. (AC +2)
                  | [potion of mutation]
  3637 | D:5      | Entered Level 5 of the Dungeon
  4186 | D:5      | Noticed Eustachio
  4196 | D:5      | Killed Eustachio
  4326 | D:5      | Reached skill level 5 in Dodging
  4326 | D:5      | Reached skill level 8 in Unarmed Combat
  4515 | D:6      | Reached skill level 5 in Fighting
  4545 | D:6      | Identified the ring "Waczorgh" {rN+ rCorr MP-9 Str+3}
  4552 | D:6      | Found a hide-covered altar of Uskayaw.
  4600 | D:6      | Reached XP level 9. HP: 88/88 MP: 8/8
  4675 | D:6      | Noticed Blork the orc
  4678 | D:6      | Killed Blork the orc
  5255 | D:7      | Reached skill level 9 in Unarmed Combat
  5391 | D:7      | Reached ***** piety under Trog
  5564 | D:8      | Identified the ring "Lulosace" {Drain rC+ Will+ Int+4
                  | Slay+2}
  5746 | D:8      | Found a runed translucent door.
  5807 | D:8      | Found Sajatur's Antique Armour Emporium.
  5893 | D:8      | Noticed a boulder beetle
  5914 | D:8      | Killed a boulder beetle
  6183 | D:8      | Found the +7 sceptre of Torment {pain, torment}
  6250 | D:8      | Reached skill level 10 in Unarmed Combat
  6250 | D:8      | Reached XP level 10. HP: 67/98 MP: 0/9
  6261 | D:8      | Found a runed translucent gate.
  6261 | D:8      | Found a runed translucent gate.
  6261 | D:8      | Found a runed translucent gate.
  6261 | D:8      | Found a runed translucent gate.
  6261 | D:8      | Found a runed translucent gate.
  6261 | D:8      | Found a runed translucent gate.
  6261 | D:8      | Noticed a boulder beetle
  6261 | D:8      | Noticed a boulder beetle
  6261 | D:8      | Noticed a lindwurm
  6326 | D:9      | Found Ryciocadd's Book Shop.
  6396 | D:9      | Noticed a deep elf pyromancer
  6415 | D:9      | Killed a deep elf pyromancer
  6448 | D:9      | Noticed Erica
  6478 | D:9      | Killed Erica
  6637 | D:9      | Found Ymoewyli's Book Emporium.
  6678 | D:9      | Found Voupaek's Armour Emporium.
  6751 | D:9      | Found a basalt altar of Yredelemnul.
  7080 | D:10     | Entered Level 10 of the Dungeon
  7089 | D:10     | Reached skill level 11 in Unarmed Combat
  7526 | D:10     | Noticed a two-headed ogre
  7528 | D:10     | Found a shadowy altar of Dithmenos.
  7535 | D:10     | Killed a two-headed ogre
  7536 | D:10     | Reached skill level 5 in Evocations
  7536 | D:10     | Reached XP level 11. HP: 109/109 MP: 1/10
  7810 | D:10     | Noticed a wizard
  7815 | D:10     | Killed a wizard
  7824 | D:10     | Received a gift from Trog
  7852 | D:10     | Reached skill level 12 in Unarmed Combat
  7860 | D:10     | Slain by a large abomination

Illustrated notes

Levels and vault maps discovered:
D:1:      ncdulo_watergridlock, layout_basic
D:2:      layout_loops_ring, serial_bayou, serial_bayou_pond_c,
          serial_bayou_shore_b, serial_bayou_shore_a, serial_bayou_pond_d,
          serial_bayou_pond_d, minmay_randomly_rotated_circles, uniq_terence
D:3:      due_chaos_kobolds, layout_loops_corners, portal_sewer_entry_f,
          uniq_natasha, uniq_robin
D:4:      layout_loops_ring, nicolae_overflow_hallway_of_the_gods,
          minmay_temple_entry_antechambers, hex_tiny, uniq_sigmund,
          uniq_grinder, uniq_menkaure
D:5:      layout_basic, serial_glass, glass_columns_a, glass_columns_a,
          minmay_strange_pillars, corexii_checkpoint_a, grunt_decor_junction,
          uniq_eustachio
D:6:      layout_basic, nicolae_uskayaw_suspiria, serial_corexii_hall,
          chequers_hall_statues_wall_a, corexii_hall_statues_l,
          corexii_hall_statues_x, corexii_hall_statues_deadend,
          uniq_blork_the_orc
D:7:      layout_gridville, minivault_14, minivault_10
D:8:      gammafunk_indiana_jones, layout_loops_ring, serial_aquarium,
          aquarium_bridge_square [aquarium_subvault_wall,
          aquarium_subvault_bridge, aquarium_subvault_wall,
          aquarium_subvault_bridge], aquarium_bridge_long_joined
          [aquarium_subvault_balcony, aquarium_subvault_wall,
          aquarium_subvault_bridge, aquarium_subvault_balcony,
          aquarium_subvault_wall, aquarium_subvault_window],
          aquarium_window_fake, aquarium_window_2, aquarium_window_1,
          aquarium_view_2c, serial_shops, nicolae_shop_crystal
D:9:      wander_river, layout_loops_ring, lemuel_mausoleum_altar_yredelemnul,
          serial_shops, kennysheep_mini_moat, shop, shop, minivault_24,
          uniq_erica
D:10:     layout_loops_cross, mainiacjoe_overflow_brackets, roderic_batcave,
          laboratory
Temple:   nicolae_temple_two_arcs

Skill      XL: |  1  2  3  4  5  6  7  8  9 10 11 |
---------------+----------------------------------+-----
Unarmed Combat | 4 5 6 7 8 10 11 12 | 12.0
Dodging        | 3 4 5 6 7 |  7.3
Fighting       | 3 4 5 6 7 |  7.3
Evocations     | 1 2 3 5 |  5.4

Action                   |  1- 3 |  4- 6 |  7- 9 | 10-12 || total
-------------------------+-------+-------+-------+-------++-------
Melee: Unarmed           |    87 |   230 |   239 |   206 ||   762
       Punch             |     1 |     7 |     9 |    17 ||    34
Invok: Berserk           |       |     2 |     3 |     4 ||     9
       Trog's Hand       |       |     1 |     1 |     3 ||     5
  Use: Scroll            |     5 |     9 |     3 |       ||    17
       Potion            |       |     3 |     7 |       ||    10
 Stab: Sleeping          |     1 |     1 |     4 |     1 ||     7
Armor: Animal skin       |    53 |    84 |    46 |    67 ||   250
Dodge: Dodged            |    57 |   123 |   131 |   114 ||   425

Table legend: (Time is in decaauts)
 A = Elapsed time spent in this place.
 B = Non-inter-level travel time spent in this place.
 C = Inter-level travel time spent in this place.
 D = Time resting spent in this place.
 E = Time spent auto-exploring this place.
 F = Levels seen in this place.
 G = Mean time per level.
                   A        B        C        D        E       F      G
               +--------+--------+--------+--------+--------+-----+--------+
         Total |   7877 |   7600 |    277 |     35 |   5927 |  13 |  605.9 |
       Dungeon |   7441 |   7169 |    272 |     35 |   5677 |  10 |  744.1 |
        Temple |     61 |     57 |      4 |      0 |     50 |   1 |   61.0 |
         Abyss |     53 |     53 |      0 |      0 |     24 |   1 |   53.0 |
         Sewer |    321 |    321 |      0 |      0 |    175 |   1 |  321.0 |
               +--------+--------+--------+--------+--------+-----+--------+

Top non-repeatable levels by time:
     D:3: 1062 daAuts
     D:5: 868 daAuts
     D:2: 867 daAuts
     D:8: 787 daAuts
     D:9: 763 daAuts
    D:10: 755 daAuts
     D:4: 677 daAuts
     D:1: 643 daAuts
     D:6: 578 daAuts
     D:7: 436 daAuts
   Sewer: 321 daAuts
  Temple: 61 daAuts
 Abyss:1: 53 daAuts
